 Dungeon Crawl Stone Soup version 0.23-a0-767-gdc19b93d68 (webtiles) character file.

594217 Oravi the Maledictor (level 27, -2/286 HPs)
             Began as a Formicid Arcane Marksman on Jan 27, 2019.
             Was a High Priest of Okawaru.
             Killed by divine providence
             ... invoked by a smoke demon
              (14 damage)
             ... on level 4 of the Abyss on Jan 29, 2019.
             The game lasted 12:23:54 (97530 turns).

Oravi the Maledictor (Formicid Arcane Marksman)    Turns: 97530, Time: 12:23:54

Health: -2/286     AC: 26    Str: 31      XL:     27
Magic:  15/48      EV: 17    Int: 23 (27) God:    Okawaru [*****.]
Gold:   5591       SH: 29    Dex: 11      Spells: 8/60 levels left

rFire    + + .     SeeInvis +   b - +8 broad axe "Hydraslayer" {drain, rPois rC+ Str+2 Dex-3}
rCold    + + +     Gourm    .   X - +1 large shield {rN+}
rNeg     + + +     Faith    .   (armour currently unavailable)
rPois    ∞         Spirit   .   (helmet unavailable)
rElec    +         Reflect  +   s - scarf {rC+ rF+}
rCorr    +         Harm     .   (gloves currently unavailable)
MR       ++...                  (boots currently unavailable)
Stlth    ++........             m - amulet "Fuziepn" {Reflect rElec Str+4 Dex+3 SH+4}
HPRegen  0.57/turn              S - ring of the Iron Devil {Ice rPois rN+ Str+3 Int+4}
MPRegen  0.31/turn              r - ring of protection from fire

@: statue-form, resistant, heroism, corroded, very slow
A: permanent stasis, dig shafts and tunnels, four strong arms, antennae 3,
hooves 1, blurry vision 1, high mp 1, strong 2, wild magic 1
}: 4/15 runes: barnacled, slimy, silver, gossamer
a: Dig, Shaft Self, End Transformation, Heroism, Finesse, Renounce Religion


You were on level 4 of the Abyss.
You worshipped Okawaru.
Okawaru was extremely pleased with you.
You were not hungry.
You were a stone statue.
You visited 12 branches of the dungeon, and saw 54 of its levels.
You visited the Abyss 1 time.
You also visited: Ossuary, Ice Cave and Volcano.

You collected 9876 gold pieces.
You spent 4285 gold pieces at shops.

Inventory:

Hand Weapons
 a - a +4 fustibalus of freezing
 b - the +8 broad axe "Hydraslayer" (weapon) {drain, rPois rC+ Str+2 Dex-3}
   (Okawaru gifted it to you on level 4 of the Lair of Beasts)

   A truly terrible weapon, it drains the life of those it strikes.
   It affects your strength (+2).
   It affects your dexterity (-3).
   It protects you from cold.
   It protects you from poison.
 u - the +8 Wrath of Trog {antimagic, *Rage}
   (You found it in an ice cave)

   It reduces the magical energy of the wielder, and disrupts the spells and
   magical abilities of those hit.
   Natural abilities and divine invocations are not affected.
   It may make you go berserk in combat.
 H - a +1 battleaxe of venom
 Z - the +4 broad axe of Okawaru's Pride {freeze, rF++ rN+ Dex+5}
   (Okawaru gifted it to you on level 2 of the Depths)

   It has been specially enchanted to freeze those struck by it, causing extra
   injury to most foes and up to half again as much damage against particularly
   susceptible opponents.
   It can also slow down cold-blooded creatures.
   It affects your dexterity (+5).
   It greatly protects you from fire.
   It protects you from negative energy.
Missiles
 c - 640 stones (quivered)
 d - 1015 sling bullets
 k - 1835 arrows
 A - 2 throwing nets {!f}
Armour
 e - the quicksilver dragon scales of Precision Catastrophes (melded) {rPois MR+ Str-2 SInv Stlth+}
   (You bought it in a shop on level 2 of the Orcish Mines)

   It affects your strength (-2).
   It protects you from poison.
   It affects your resistance to hostile enchantments.
   It lets you see invisible.
   It makes you more stealthy.
 h - a +1 pair of gloves of archery
 i - a +2 pair of boots of flying (melded)
 q - the +0 pair of gloves of the Comet (melded) {Str+4 Int+4}
   (Okawaru gifted it to you on level 4 of the Depths)

   It affects your strength (+4).
   It affects your intelligence (+4).
 s - a scarf of resistance (worn)
 z - a +2 cloak
 X - a +1 large shield of positive energy (worn)
Jewellery
 m - the amulet "Fuziepn" (around neck) {Reflect rElec Str+4 Dex+3 SH+4}
   (You bought it in a shop on level 2 of the Orcish Mines)

   [amulet of reflection]

   It shields you and reflects attacks.
   It affects your strength (+4).
   It affects your dexterity (+3).
   It insulates you from electricity.
   It affects your SH (+4).
 r - a ring of protection from fire (right hand)
 D - an uncursed ring of resist corrosion
 S - the ring of the Iron Devil (left hand) {Ice rPois rN+ Str+3 Int+4}
   (You found it on level 1 of the Lair of Beasts)

   [ring of ice]

   It enhances your ice magic.
   It affects your strength (+3).
   It affects your intelligence (+4).
   It makes you vulnerable to fire.
   It protects you from cold.
   It protects you from poison.
   It protects you from negative energy.
 Y - the ring "Fecu Weu" {*Tele rPois MR+ Int+2 Stlth+}
   (You found it on level 5 of the Pits of Slime)

   [ring of teleportation]

   It may teleport you next to monsters.
   It affects your intelligence (+2).
   It protects you from poison.
   It affects your resistance to hostile enchantments.
   It makes you more stealthy.
Scrolls
 j - 9 scrolls of fog
 p - 16 scrolls of remove curse {@r2}
 x - 15 scrolls of identify {@r1}
 C - a scroll of holy word
 G - 11 scrolls of fear
 L - 7 scrolls of magic mapping
 T - 4 scrolls of vulnerability
Potions
 l - 4 potions of agility
 n - 3 potions of ambrosia
 t - 5 potions of invisibility
 E - 2 potions of cancellation
 J - 6 potions of might
 K - 3 potions of magic
 M - 2 potions of resistance
 Q - 10 potions of curing {@q1}
 V - 9 potions of brilliance
Miscellaneous
 g - 3 phantom mirrors
Comestibles
 f - 52 rations


   Skills:
 - Level 18.8(23.8) Fighting
 - Level 17.2(22.2) Axes
 - Level 14.0(19.0) Slings
 - Level 7.0(12.0) Armour
 - Level 5.0(10.0) Dodging
 - Level 15.0(20.0) Shields
 - Level 17.3 Spellcasting
 - Level 21.2 Hexes
 - Level 3.0 Charms
 * Level 16.4 Necromancy
 - Level 3.0 Translocations
 * Level 17.4 Transmutations
 - Level 6.0 Air Magic
 - Level 8.0 Earth Magic
 - Level 7.0 Invocations


You had 8 spell levels left.
You knew the following spells:

 Your Spells              Type           Power        Failure   Level  Hunger
a - Borgnjor's Vile Clut  Necr/Erth      #######...   1%          5    #......
b - Sublimation of Blood  Necr           #######...   1%          2    None
c - Portal Projectile     Hex/Tloc       ######       1%          3    None
d - Cause Fear            Hex            ########..   1%          4    None
e - Confuse               Hex            ########     1%          3    None
f - Invisibility          Hex            ########     1%          6    ####...
g - Discord               Hex            ########..   4%          8    #######
h - Silence               Hex/Air        #######...   1%          5    #......
i - Passage of Golubria   Tloc           N/A          12%         4    None
j - Statue Form           Tmut/Erth      #######..    4%          6    ####...
r - Regeneration          Chrm/Necr      ######....   1%          3    None
s - Sticks to Snakes      Tmut           #######.     1%          2    None
A - Apportation           Tloc           #####.       1%          1    None

Your spell library contained the following spells:

 Spells                   Type           Power        Failure   Level  Hunger
 Animate Skeleton         Necr           N/A          1%          1    None
 Beastly Appendage        Tmut           ######       1%          1    None
 Confusing Touch          Hex            ######       1%          1    None
 Corona                   Hex            #######      1%          1    None
 Pain                     Necr           ####         1%          1    None
 Sandblast                Erth           ######       1%          1    None
 Shock                    Conj/Air       ####         1%          1    None
 Corpse Rot               Necr           N/A          1%          2    None
 Ensorcelled Hibernation  Hex/Ice        ######       1%          2    None
 Passwall                 Tmut/Erth      #######.     1%          2    None
 Slow                     Hex            ########     1%          2    None
 Swiftness                Chrm/Air       ######..     1%          2    None
 Ignite Poison            Fire/Tmut/Pois ######..     1%          3    None
 Inner Flame              Hex/Fire       ######..     1%          3    None
 Spider Form              Tmut/Pois      ######....   1%          3    None
 Summon Guardian Golem    Hex/Summ       ######..     1%          3    None
 Vampiric Draining        Necr           #######...   1%          3    None
 Animate Dead             Necr           N/A          1%          4    None
 Ice Form                 Ice/Tmut       #######.     1%          4    None
 Leda's Liquefaction      Hex/Erth       #######...   1%          4    None
 Petrify                  Tmut/Erth      #######.     1%          4    None
 Agony                    Necr           #######.     1%          5    #......
 Blade Hands              Tmut           #######...   1%          5    #......
 Dispel Undead            Necr           #######.     1%          5    #......
 Metabolic Englaciation   Hex/Ice        #######...   1%          5    #......
 Summon Mana Viper        Hex/Summ       ######..     1%          5    #......
 Yara's Violent Unravell  Hex/Tmut       #######...   1%          5    #......
 Darkness                 Hex            ########..   1%          6    ####...
 Death Channel            Necr           #######...   1%          6    ####...
 Poisonous Vapours        Pois/Air       #####.       2%          2    None
 Shroud of Golubria       Chrm/Tloc      #####.....   2%          2    None
 Excruciating Wounds      Chrm/Necr      ######....   2%          5    #......
 Stone Arrow              Conj/Erth      #####.       3%          3    None
 Dragon Form              Tmut           #######...   3%          7    ######.
 Flame Tongue             Conj/Fire      ####.        4%          1    None
 Freeze                   Ice            ####         4%          1    None
 Magic Dart               Conj           ####         4%          1    None
 Sting                    Conj/Pois      ####         4%          1    None
 Summon Butterflies       Summ           ####....     4%          1    None
 Summon Small Mammal      Summ           ####         4%          1    None
 Static Discharge         Conj/Air       #####...     4%          3    None
 Airstrike                Air            ######....   4%          4    None
 Bolt of Draining         Conj/Necr      ######....   4%          5    #......
 Lee's Rapid Deconstruct  Erth           ######....   4%          5    #......
 Mephitic Cloud           Conj/Pois/Air  #####...     6%          3    None
 Call Imp                 Summ           ####....     7%          2    None
 Throw Frost              Conj/Ice       #####.       7%          2    None
 Ozocubu's Armour         Chrm/Ice       ######..     7%          3    None
 Recall                   Summ/Tloc      N/A          7%          3    None
 Conjure Flame            Conj/Fire      ####....     13%         3    None
 Simulacrum               Ice/Necr       #######...   21%         6    ####...
 Necromutation            Tmut/Necr      #######...   24%         8    #######
 Borgnjor's Revivificati  Necr           #######...   28%         8    #######
 Infestation              Necr           #######...   28%         8    #######
 Lightning Bolt           Conj/Air       #####.....   30%         5    #......
 Bolt of Magma            Conj/Fire/Erth #####.....   32%         5    #......
 Olgreb's Toxic Radiance  Pois           ####....     34%         4    None
 Summon Ice Beast         Ice/Summ       #####...     34%         4    None
 Throw Icicle             Conj/Ice       #####...     34%         4    None
 Iskenderun's Battlesphe  Conj/Chrm      ####....     45%         5    #......
 Summon Forest            Summ/Tloc      ####......   47%         5    #......
 Deflect Missiles         Chrm/Air       ######....   63%         6    ####...
 Aura of Abjuration       Summ           ####......   67%         5    #......
 Fireball                 Conj/Fire      ####......   67%         5    #......
 Summon Demon             Summ           ####......   67%         5    #......
 Venom Bolt               Conj/Pois      ####......   67%         5    #......
 Iron Shot                Conj/Erth      #####.....   69%         6    ####...
 Haunt                    Necr/Summ      ######....   69%         7    ######.
 Conjure Ball Lightning   Conj/Air       #####.....   83%         6    ####...
 Freezing Cloud           Conj/Ice/Air   ######....   92%         6    ####...
 Death's Door             Chrm/Necr      ######....   98%         8    #######
 Bolt of Cold             Conj/Ice       #####.....   99%         6    ####...
 Bolt of Fire             Conj/Fire      ####......   99%         6    ####...
 Ozocubu's Refrigeration  Ice            #####.....   99%         6    ####...
 Shadow Creatures         Summ           N/A          99%         6    ####...
 Malign Gateway           Summ/Tloc      ####......   100%        7    ######.
 Monstrous Menagerie      Summ           ####......   100%        7    ######.
 Orb of Destruction       Conj           ####......   100%        7    ######.
 Ring of Flames           Chrm/Fire      ####......   100%        7    ######.
 Spellforged Servitor     Conj/Summ      ####......   100%        7    ######.
 Summon Greater Demon     Summ           ####......   100%        7    ######.
 Disjunction              Tloc           #####.....   100%        8    #######
 Ignition                 Fire           ####......   100%        8    #######
 Summon Horrible Things   Summ           ####......   100%        8    #######
 Dragon's Call            Summ           ####......   100%        9    #######
 Shatter                  Erth           ######....   100%        9    #######
 Tornado                  Air            ######....   100%        9    #######
 Blink                    Tloc           Unusable     N/A         2    N/A

Dungeon Overview and Level Annotations

Branches:
Dungeon (15/15)            Temple (1/1) D:4            Lair (6/6) D:8
 Shoals (4/4) Lair:2       Spider (4/4) Lair:3        Slime (5/5) Lair:5
    Orc (2/2) D:9             Elf (3/3) Orc:2        Vaults (5/5) D:13
  Crypt (3/3) Vaults:3       Tomb (0/3) Crypt:3      Depths (5/5) D:15
   Hell (1/1)                 Zot (0/5) Depths:5
    Dis: Hell:1         Geh: Hell:1         Coc: Hell:1         Tar: Hell:1

Altars:
Ashenzari
Cheibriados
Dithmenos
Elyvilon
Fedhas
Kikubaaqudgha
Makhleb
Okawaru
Qazlal
Ru
Sif Muna
Trog
Wu Jian
Yredelemnul
Zin
Beogh
Jiyva

Shops:
D:9 *   D:12 [   D:15 *   Orc:2 (*[=   Shoals:1 :   Shoals:2 :
Vaults:5 %%%[[!%%%!}   Depths:1 *

Portals:
Hell: Depths:1 Depths:2 Depths:3 Depths:4 Depths:5
Abyss: Depths:4
Pandemonium: Depths:3 Depths:5
Ziggurat: Depths:3

Annotations:
Hell Murray


Innate Abilities, Weirdness & Mutations

You cannot be hasted, slowed, berserked, paralysed or teleported.
You can dig through walls and to a lower floor.
Your four strong arms can wield two-handed weapons with a shield.
You have a pair of large antennae on your head. (SInv)
You have large cloven feet.
Scrolls take you a little longer to read.
You have an increased reservoir of magic. (+10% MP)
Your muscles are very strong. (Str +4)
Your spells are a little harder to cast, but a little more powerful.


Message History

You retract your mandibles.
You block the fire bat's attack. The fire bat bites you.
* * * LOW HITPOINT WARNING * * *
You are engulfed in flames.
You resist.
* * * LOW HITPOINT WARNING * * *
You feel protected.
The fire bat bites you but does no damage.
You block the fire bat's attack.
You extend your mandibles.
You dig through the rock wall.
You block the fire bat's attack. The hellephant breathes flames at you.
The blast of flame hits the smoke demon.
The smoke demon resists.
The blast of flame hits you! You resist.
* * * LOW HITPOINT WARNING * * *
The smoke demon gestures at you. Something smites you!
* * * LOW HITPOINT WARNING * * *
The smoke demon gestures at you. Something smites you!
You die...

# . . .# .
## #.....
..# ###.
.####.
##.##.##.# .
....#...#
...... ....#
. $. .#b.#
## . ##.# .#
#.8# # .
##3# #...
#∩x#
........†..#
.#. ...#...#
.Y.......##
.........#
.........# {
...#......


You could see a smoke demon, a small abomination and a fire bat.

Vanquished Creatures
  the Royal Jelly (Slime:5)
  2 ancient liches
  2 juggernauts (Depths:2)
  The ghost of Afoutsoc the Warrior, a veteran GrFi of the Shining One (Crypt:1)
  Frederick (Crypt:1)
  Margery (Crypt:3)
  Saint Roka (Vaults:3)
  Geryon (Hell)
  4 golden dragons
  Nikola (Elf:2)
  Jory (Vaults:2)
  Arachne (Spider:3)
  6 liches
  An Ice Fiend (IceCv)
  2 tentacled monstrosities
  2 deep elf blademasters (Elf:3)
  4 titans
  A deep elf master archer (Elf:3)
  4 quicksilver dragons
  13 acid blobs
  4 ancient champions
  Gastronok (Lair:1)
  2 sphinxes
  3 shadow dragons
  3 tengu reavers
  10 azure jellies (Slime:5)
  3 revenants
  Donald (Elf:2)
  4 storm dragons
  8 frost giants
  12 vault wardens
  Ilsuiw (Shoals:3)
  4 fire giants
  12 deep elf sorcerers
  Aizul (Crypt:1)
  The ghost of Multipenetrator the Cleaver, a journeyman FoFi of the Shining One (D:13)
  4 curse skulls
  3 ghost moths (Spider:4)
  A draconian scorcher (Abyss:4)
  A draconian shifter (Depths:5)
  2 iron dragons (Vaults:5)
  2 balrugs
  Louise (Elf:2)
  2 orc warlords
  4 deep elf elementalists (Elf:3)
  5 ghouls
  A reaper (Depths:1)
  6 emperor scorpions
  13 ironheart preservers
  A draconian annihilator (Depths:5)
  An entropy weaver (Abyss:4)
  7 very ugly things
  3 war gargoyles (Crypt:3)
  8 vampire knights
  14 stone giants
  A grey draconian (Depths:5)
  8 deep elf demonologists
  7 starcursed masses (Abyss:4)
  A dire elephant (shapeshifter) (Vaults:5)
  A yellow draconian (Depths:5)
  6 spark wasps
  10 deep elf annihilators
  2 purple draconians (Depths:5)
  The ghost of Mess the Spear-Bearer, a journeyman MiFi of Uskayaw (Spider:1)
  8 ettins
  3 eidola
  6 deep elf death magi
  A crystal guardian (Vaults:5)
  4 jiangshi
  10 yaktaur captains
  13 merfolk impalers
  7 great orbs of eyes
  2 merfolk javelineers (Shoals:4)
  8 death oozes
  7 vault guards
  8 deep elf high priests (Elf:3)
  10 ogre magi
  Josephine (Orc:1)
  10 fire dragons
  Harold (Orc:1)
  6 ice dragons
  A naga warrior (D:15)
  A quicksilver dragon skeleton (Hell)
  4 rakshasas
  6 hydras
  2 merfolk avatars
  5 death knights
  5 merfolk aquamancers
  A catoblepas (Lair:6)
  A satyr (Shoals:2)
  Erica (D:10)
  2 alligator snapping turtles (Shoals:4)
  4 deep troll shamans
  12 centaur warriors
  5 hell hogs
  8 death yaks
  8 tengu warriors
  2 titan zombies
  20 two-headed ogres
  2 spriggan berserkers
  The ghost of lolicon the Severer, a novice MiGl of Cheibriados (Lair:1)
  Urug (D:11)
  20 dancing weapons
  2 orc high priests (Orc:2)
  5 vampire magi
  4 deep troll earth magi
  10 sun demons
  A thrashing horror (Abyss:4)
  7 large abominations (Abyss:4)
  A titan skeleton (Crypt:3)
  A wretched star (Abyss:4)
  27 deep elf knights
  Sonja (Orc:1)
  Nergalle (D:10)
  A shadow wraith (Crypt:3)
  A sixfirhy (Abyss:4)
  2 spatial maelstroms (Abyss:4)
  6 hell knights
  8 skeletal warriors
  The ghost of endorz the Severer, a novice HOFi of Okawaru (D:6)
  A fire crab (shapeshifter) (Depths:2)
  9 deep trolls
  3 storm dragon skeletons (Crypt:3)
  6 wizards
  The ghost of Artagas the Gouger, a novice FeTm of Nemelex Xobeh (Lair:1)
  A death drake (shapeshifter) (Vaults:5)
  6 unseen horrors
  3 glowing orange brains
  12 flayed ghosts
  An unseen horror (shapeshifter) (Depths:4)
  12 ironbrand convokers
  An orange crystal statue (Vaults:1)
  A kraken simulacrum (Shoals:4)
  13 sea snakes
  An anaconda skeleton (Crypt:3)
  16 deep elf archers
  20 phantasmal warriors
  14 orc knights
  22 harpies
  5 necromancers
  22 ugly things
  3 shining eyes
  An oklob plant (Lair:2)
  9 cyclopes
  22 orb spiders
  A shadow dragon zombie (Vaults:4)
  48 wolf spiders
  6 manticores
  42 slime creatures
  4 orc sorcerers
  14 fauns
  3 stone giant zombies
  5 moths of wrath
  A cyclops (shapeshifter) (Vaults:5)
  68 deep elf magi
  10 elephants (Lair:6)
  A salamander (shapeshifter) (Elf:3)
  A naga mage (D:15)
  8 fire giant skeletons
  2 ice statues (IceCv)
  8 merfolk sirens
  3 centaur zombies
  Maurice (Orc:1)
  6 black mambas
  A guardian serpent (Abyss:4)
  6 torpor snails
  Joseph (D:10)
  2 molten gargoyles (Volcano)
  5 water nymphs
  A black mamba (shapeshifter) (Depths:4)
  11 vault sentinels
  4 smoke demons
  A water nymph (shapeshifter) (Depths:1)
  3 rust devils (Depths:1)
  A storm dragon simulacrum (Hell)
  15 spiny frogs
  7 gargoyles
  An emperor scorpion zombie (Crypt:3)
  2 kobold demonologists (D:14)
  A hellion (Abyss:4)
  2 efreet
  18 demonic crawlers
  4 rime drakes
  A tormentor (Abyss:4)
  13 freezing wraiths
  5 komodo dragons
  A golden dragon simulacrum (IceCv)
  A komodo dragon (shapeshifter) (D:13)
  2 yaktaurs (shapeshifter)
  A spriggan skeleton (Depths:1)
  29 yaktaurs
  3 anaconda simulacra (IceCv)
  12 ice devils
  A white draconian skeleton (Crypt:2)
  4 tengu conjurers
  6 trolls
  A queen ant zombie (Crypt:1)
  4 ancient zymes (Abyss:4)
  2 red devils (Depths:5)
  2 human skeletons
  2 wind drakes
  49 jumping spiders
  20 hornets
  2 meliai (D:13)
  5 polar bears
  2 queen bees (D:13)
  A tyrant leech (shapeshifter) (Depths:5)
  A wind drake (shapeshifter) (Depths:3)
  2 trolls (shapeshifter)
  A hydra zombie (Crypt:1)
  29 merfolk
  4 raiju (Abyss:4)
  A human simulacrum (Vaults:1)
  4 dream sheep (Lair:6)
  12 blink frogs
  An ettin zombie (Vaults:1)
  14 hippogriffs
  2 ice dragon zombies
  7 snapping turtles
  2 fire dragon zombies
  A meliai zombie (D:15)
  A flying skull (Abyss:4)
  16 spriggans
  4 air elementals
  8 shadows
  6 vampires
  Sigmund (D:3)
  A ynoxinul (Abyss:4)
  41 tarantellas
  16 water elementals
  13 wraiths
  66 redbacks
  2 dire elephant simulacra (IceCv)
  A yak (shapeshifter) (Vaults:4)
  11 fire dragon skeletons
  51 yaks
  2 wyverns
  7 fire elementals
  A hog (shapeshifter) (Depths:3)
  6 fire bats
  4 basilisks
  2 golden eyes (Slime:5)
  A neqoxec (Abyss:4)
  6 hungry ghosts
  2 vampire mosquitoes (D:14)
  Grum (D:11)
  2 chaos spawn
  2 harpy simulacra (IceCv)
  A soldier ant (shapeshifter) (Depths:3)
  3 acid dragons
  An iron troll simulacrum (IceCv)
  A monstrous demonspawn zombie (Crypt:2)
  7 wargs
  3 nagas (D:15)
  3 small abominations (Abyss:4)
  Duvessa (D:6)
  A hydra simulacrum (IceCv)
  9 water moccasins
  A porcupine (shapeshifter) (Elf:3)
  8 porcupines
  A two-headed ogre skeleton (Crypt:2)
  8 hell hounds
  41 orc warriors
  A floating eye (Depths:2)
  4 sky beasts
  An ice beast (shapeshifter) (Vaults:5)
  2 ice beasts
  3 black bears
  35 ogres
  2 necrophages (Crypt:2)
  15 wolves
  An eye of draining (Slime:3)
  13 boggarts
  A manticore skeleton (Hell)
  A snapping turtle skeleton (Crypt:3)
  2 phantoms
  22 centaurs
  19 crocodiles
  3 big kobolds
  12 bullfrogs
  A wyvern zombie (D:12)
  2 earth elementals (Elf:3)
  A gnoll sergeant (D:7)
  A salamander skeleton (Crypt:2)
  A glowing shapeshifter simulacrum (Vaults:2)
  A tengu simulacrum (Depths:1)
  2 wyvern skeletons
  A yak zombie (Crypt:1)
  Dowan (D:6)
  4 scorpions
  33 killer bees
  20 wights
  7 electric eels
  6 howler monkeys
  18 crimson imps
  7 lava snakes (Volcano)
  4 bullfrog zombies
  11 hounds
  4 centaur skeletons
  28 orc wizards
  3 bullfrog skeletons
  27 orc priests
  Crazy Yiuf (D:4)
  7 jellies
  An iron imp (Depths:2)
  Jessica (D:3)
  A basilisk skeleton (Crypt:1)
  A human zombie (Ossuary)
  6 iguanas
  7 worker ants
  6 hell rats
  2 killer bee zombies
  A felid zombie (Crypt:2)
  A hound skeleton (D:6)
  3 mummies (Ossuary)
  A worker ant zombie (D:11)
  12 gnolls
  A howler monkey skeleton (D:8)
  4 adders
  2 shadow imps
  2 white imps (D:14)
  2 adder zombies (Ossuary)
  An iguana skeleton (Crypt:2)
  2 oozes
  An adder skeleton (D:5)
  2 worms
  4 dart slugs
  6 leopard geckos
  120 orcs
  3 giant cockroaches
  8 goblins
  8 hobgoblins
  5 jackals
  18 kobolds
  4 quokkas
  A ball python (D:2)
  7 bats
  4 frilled lizards
  A gnoll skeleton (Crypt:1)
  4 goblin zombies (Ossuary)
  4 hobgoblin zombies (Ossuary)
  2 kobold skeletons
  2 kobold zombies (Ossuary)
  A leopard gecko skeleton (Crypt:1)
  A leopard gecko zombie (Crypt:2)
  A quokka skeleton (D:6)
  3 quokka zombies (Ossuary)
  2 rats
  2 rat zombies (Ossuary)
  4 fungi
  A lurking horror (Abyss:4)
2272 creatures vanquished.

Vanquished Creatures (collateral kills)
  2 golden dragons
  2 titans (Vaults:5)
  A quicksilver dragon (Vaults:5)
  An acid blob (Slime:5)
  2 storm dragons (Vaults:5)
  A vault warden (Vaults:5)
  3 fire giants
  A frost giant (Depths:3)
  An orc warlord (Vaults:5)
  2 ghouls (Crypt:2)
  An ironheart preserver (Vaults:5)
  6 stone giants
  13 very ugly things
  An entropy weaver (Vaults:4)
  A grey draconian (Depths:5)
  A deep elf demonologist (Vaults:5)
  A yellow draconian (Depths:5)
  A red draconian (Depths:5)
  2 ettins (Vaults:5)
  2 great orbs of eyes
  2 fire dragons
  2 ogre magi
  3 yaktaur captains
  19 vault guards
  2 rakshasas
  2 ice dragons
  2 spriggan air magi (Depths:3)
  3 centaur warriors
  A dancing weapon (Vaults:5)
  2 deep troll shamans
  3 tengu warriors
  9 deep troll earth magi
  A thrashing horror (Abyss:4)
  A sun demon (Depths:1)
  A skeletal warrior (Crypt:1)
  3 hell knights
  A fire crab (shapeshifter) (Depths:2)
  A wretched star (Abyss:4)
  A sea snake (shapeshifter) (Depths:2)
  A flayed ghost (Depths:2)
  A wizard (Depths:1)
  A glowing orange brain (Depths:1)
  A deep elf archer (Vaults:5)
  14 deep trolls
  4 necromancers
  2 ironbrand convokers (Vaults:5)
  4 deep elf magi (Vaults:5)
  16 ugly things
  A faun (shapeshifter) (Vaults:5)
  8 slime creatures
  2 large abominations (Abyss:4)
  A dire elephant skeleton (Hell)
  2 vault sentinels
  A storm dragon simulacrum (Vaults:4)
  4 yaktaurs
  3 tengu conjurers
  A jumping spider (shapeshifter) (Vaults:5)
  A bog body (Crypt:2)
  2 flying skulls (Abyss:4)
  A small abomination (Abyss:4)
  A human (shapeshifter) (Vaults:4)
  3 wyverns (Depths:5)
  A neqoxec (Abyss:4)
  2 spatial vortices (Abyss:4)
  3 acid dragons (Depths:5)
  A floating eye (Slime:5)
  4 orc warriors (Vaults:5)
  An ogre (Vaults:5)
  A boggart (Depths:1)
  An eye of draining (Abyss:4)
  4 centaurs (Depths:4)
  2 crimson imps (Hell)
  4 hell rats (Hell)
  2 orcs (Vaults:5)
205 creatures vanquished.

Vanquished Creatures (others)
  3 deep elf master archers (Elf:3)
  2 tengu reavers
  A fire giant (Vaults:4)
  A vault warden (Vaults:5)
  3 very ugly things
  An ironheart preserver (Vaults:5)
  7 stone giants
  A red draconian (Depths:5)
  A fire dragon (Depths:1)
  6 yaktaur captains
  An ice dragon (Vaults:1)
  A hell knight (Crypt:3)
  A centaur warrior (Vaults:2)
  2 deep troll earth magi
  A tengu warrior (Depths:1)
  3 skeletal warriors (Crypt:1)
  2 deep trolls
  6 deep elf archers
  A necromancer (Hell)
  2 phantasmal warriors (Vaults:5)
  A deep elf mage (Elf:3)
  A manticore (Shoals:4)
  4 fauns
  3 ugly things
  2 vault sentinels (Vaults:5)
  A large abomination (Abyss:4)
  9 yaktaurs
  A tengu conjurer (Depths:1)
  A red devil (Hell)
  3 merfolk
  A troll (Vaults:5)
  A slime creature (Depths:1)
  A boggart (Depths:4)
  A centaur (Depths:2)
  2 ogres
  A hell rat (Hell)
  A white imp (Abyss:4)
  4 orcs
  10 bushes (Abyss:4)
  5 demonic plants (Abyss:4)
  17 fungi
  A lurking horror (Abyss:4)
  17 plants
  4 starspawn tentacles (Abyss:4)
  5 withered plants (Lair:1)
143 creatures vanquished.

Grand Total: 2620 creatures vanquished

Notes
Turn   | Place    | Note
-------+----------+-------------------------------------------
     0 | D:1      | Oravi the Formicid Arcane Marksman began the quest for the
                  | Orb.
     0 | D:1      | Reached XP level 1. HP: 15/15 MP: 2/2
   233 | D:1      | Reached XP level 2. HP: 21/21 MP: 1/3
   995 | D:1      | Reached XP level 3. HP: 25/26 MP: 3/5
   999 | D:1      | Learned a level 2 spell: Slow
  1035 | D:1      | Reached skill level 4 in Hexes
  1857 | D:2      | Found a shadowy altar of Dithmenos.
  1870 | D:2      | Reached XP level 4. HP: 32/32 MP: 6/6
  2511 | D:2      | Reached XP level 5. HP: 37/37 MP: 4/8
  2999 | D:3      | Found a faded altar of an unknown god.
  3094 | D:3      | Noticed Sigmund
  3104 | D:3      | Killed Sigmund
  3104 | D:3      | Reached skill level 5 in Slings
  3104 | D:3      | Reached skill level 5 in Hexes
  3104 | D:3      | Reached XP level 6. HP: 40/43 MP: 4/10
  3225 | D:3      | Noticed Jessica
  3232 | D:3      | Killed Jessica
  3621 | D:3      | Learned a level 3 spell: Portal Projectile
  3626 | D:3      | Learned a level 4 spell: Cause Fear
  3902 | D:4      | Found an ancient bone altar of Kikubaaqudgha.
  3938 | D:4      | Reached XP level 7. HP: 48/48 MP: 9/11
  4352 | D:4      | Found a staircase to the Ecumenical Temple.
  4363 | Temple   | Entered the Ecumenical Temple
  4375 | Temple   | Became a worshipper of Warmaster Okawaru
  4540 | D:4      | HP: 1/48 [centaur/arrow (13)]
  5159 | D:4      | Found a runed door.
  5286 | D:5      | Entered Level 5 of the Dungeon
  5299 | D:5      | Reached skill level 6 in Hexes
  5449 | D:5      | Reached XP level 8. HP: 54/54 MP: 10/12
  5469 | D:5      | Reached * piety under Okawaru
  5960 | D:5      | Reached skill level 7 in Hexes
  6071 | D:5      | Found a deep blue altar of Sif Muna.
  6764 | D:6      | Found a transporter.
  6767 | D:6      | Found a transporter.
  6767 | D:6      | Noticed endorz's ghost (novice HOFi)
  7087 | D:6      | Noticed Duvessa
  7091 | D:6      | Noticed Dowan
  7189 | D:6      | Reached XP level 9. HP: 56/61 MP: 11/14
  7243 | D:6      | Reached ** piety under Okawaru
  7243 | D:6      | Reached skill level 1 in Armour
  7392 | D:6      | Killed Dowan
  7412 | D:6      | Killed Duvessa
  8212 | D:6      | Reached skill level 8 in Hexes
  8837 | D:7      | Found a sand-covered staircase.
  8883 | Ossuary  | Entered an ossuary
  9276 | D:7      | Found an iron altar of Okawaru.
  9904 | D:7      | Found a white marble altar of Elyvilon.
  9953 | D:7      | Reached skill level 1 in Invocations
 10078 | D:8      | Reached *** piety under Okawaru
 10225 | D:8      | Reached skill level 10 in Slings
 10256 | D:8      | Reached XP level 10. HP: 13/71 MP: 11/17
 10611 | D:8      | Noticed a cyclops
 10636 | D:8      | Killed a cyclops
 10636 | D:8      | Received a gift from Okawaru
 10636 | D:8      | Reached skill level 5 in Spellcasting
 11814 | D:8      | Found a staircase to the Lair.
 11822 | D:8      | Reached **** piety under Okawaru
 12087 | D:8      | Received a gift from Okawaru
 12919 | D:8      | Reached skill level 9 in Hexes
 13240 | D:8      | Reached skill level 5 in Fighting
 13360 | D:8      | Got a brightly glowing dagger
 13382 | D:8      | Found a shattered altar of Ashenzari.
 13383 | D:8      | Found a bloodstained altar of Trog.
 13782 | D:8      | Got a polished hunting sling
 13783 | D:8      | Identified the +2 hunting sling of Entrepreneurial Spirit
                  | {flame, +Inv rPois Dex+6} (You found it on level 8 of the
                  | Dungeon)
 13805 | D:9      | Found Zin's Purification Station.
 13811 | D:9      | Found a glowing silver altar of Zin.
 14127 | D:9      | Reached skill level 5 in Armour
 14361 | D:9      | Reached XP level 11. HP: 56/80 MP: 17/20
 14438 | D:9      | Found a staircase to the Orcish Mines.
 14510 | D:9      | Found a stormy altar of Qazlal.
 14792 | D:10     | Entered Level 10 of the Dungeon
 14799 | D:10     | Noticed Joseph
 14837 | D:9      | Received a gift from Okawaru
 14837 | D:9      | Reached skill level 1 in Shields
 15300 | D:10     | Killed Joseph
 15503 | D:10     | Noticed an unseen horror
 15638 | D:10     | Noticed Erica
 15687 | D:10     | Killed Erica
 15687 | D:10     | Received a gift from Okawaru
 15687 | D:10     | Reached skill level 10 in Hexes
 15739 | D:10     | Killed an unseen horror
 15739 | D:10     | Received a gift from Okawaru
 15880 | D:10     | Reached skill level 1 in Translocations
 16087 | D:10     | Noticed Nergalle
 16118 | D:10     | Killed Nergalle
 16737 | D:11     | Found an ancient bone altar of Kikubaaqudgha.
 16923 | D:11     | Received a gift from Okawaru
 17121 | D:11     | Noticed a four-headed hydra
 17225 | D:10     | Killed a four-headed hydra
 17605 | D:10     | Reached ***** piety under Okawaru
 17966 | D:10     | Got a translucent hunting sling
 18390 | D:10     | Reached XP level 12. HP: 70/91 MP: 21/23
 18735 | D:11     | Noticed Urug
 18797 | D:11     | Noticed Grum
 19822 | D:11     | Killed Grum
 20015 | D:11     | Killed Urug
 20597 | D:11     | Identified the +10 hunting sling of Woe {venom, *Contam
                  | Str+3 Dex+3 SInv} (You found it on level 10 of the Dungeon)
 20621 | D:11     | Reached skill level 1 in Axes
 20639 | D:12     | Found a gate leading to a gauntlet.
 20639 | D:12     | Noticed a two-headed ogre
 20800 | D:12     | Killed a two-headed ogre
 21073 | D:12     | Received a gift from Okawaru
 21082 | D:12     | Reached skill level 10 in Fighting
 21245 | D:12     | Found Makhloud's Weapon Emporium.
 21248 | D:12     | Noticed a two-headed ogre
 21267 | D:12     | Killed a two-headed ogre
 21267 | D:12     | Reached ****** piety under Okawaru
 21267 | D:12     | Received a gift from Okawaru
 21651 | D:12     | Found Caneluoss's Armour Boutique.
 21948 | D:13     | Noticed a centaur warrior
 21952 | D:13     | Identified the +8 mace of the Wary Wars {crush, rC+ Int+5}
 21977 | D:13     | Killed a centaur warrior
 21977 | D:13     | Reached skill level 5 in Axes
 22376 | D:13     | Noticed a centaur warrior
 22385 | D:13     | Killed a centaur warrior
 22385 | D:13     | Reached XP level 13. HP: 71/105 MP: 17/25
 23530 | D:13     | Noticed an ironheart preserver
 23553 | D:13     | Killed an ironheart preserver
 24125 | D:13     | Found a gate to the Vaults.
 24459 | D:13     | Received a gift from Okawaru
 25176 | D:13     | Noticed Multipenetrator's ghost (journeyman FoFi)
 25223 | D:13     | Found a transporter.
 25226 | D:13     | Found a transporter.
 25607 | D:4      | Noticed Crazy Yiuf
 25611 | D:4      | Killed Crazy Yiuf
 25790 | D:6      | Killed endorz's ghost
 25909 | Lair:1   | Entered Level 1 of the Lair of Beasts
 26140 | Lair:1   | Noticed Gastronok
 26169 | Lair:1   | Killed Gastronok
 26169 | Lair:1   | Received a gift from Okawaru
 26241 | Lair:1   | Reached XP level 14. HP: 92/118 MP: 11/26
 26344 | Lair:1   | Found an ancient bone altar of Kikubaaqudgha.
 26512 | Lair:1   | Received a gift from Okawaru
 26621 | Lair:1   | Found a runed gate.
 26621 | Lair:1   | Found a runed gate.
 26621 | Lair:1   | Found a runed gate.
 26625 | Lair:1   | Noticed Artagas's ghost (novice FeTm)
 26632 | Lair:1   | Noticed lolicon's ghost (novice MiGl)
 28205 | Lair:2   | Reached skill level 10 in Axes
 28684 | Lair:2   | You are sucked into a shaft for 2 floors!
 28714 | Lair:4   | Found a dark tunnel.
 28724 | Volcano  | Entered a volcano
 29119 | Volcano  | Found a bloodstained altar of Trog.
 29511 | Volcano  | Noticed a stone giant
 29578 | Volcano  | Killed a stone giant
 30044 | Lair:4   | Received a gift from Okawaru
 30045 | Lair:4   | Got a warped broad axe {god gift}
 30411 | Lair:3   | Found a hole to the Spider Nest.
 30663 | Lair:2   | Identified the +8 broad axe "Hydraslayer" {drain, rPois rC+
                  | Str+2 Dex-3} (Okawaru gifted it to you on level 4 of the
                  | Lair of Beasts)
 31068 | Lair:2   | Found a staircase to the Shoals.
 32219 | Lair:3   | Reached skill level 5 in Invocations
 33668 | Lair:4   | Received a gift from Okawaru
 33711 | Lair:4   | Reached XP level 15. HP: 65/127 MP: 27/27
 35981 | Lair:5   | Found a staircase to the Slime Pits.
 35981 | Lair:5   | Found a viscous altar of Jiyva.
 37051 | Lair:6   | Entered Level 6 of the Lair of Beasts
 37717 | Lair:6   | Reached skill level 5 in Shields
 39050 | Lair:6   | Received a gift from Okawaru
 40120 | Lair:6   | Received a gift from Okawaru
 40128 | Lair:6   | Reached skill level 11 in Hexes
 40740 | Lair:1   | Killed Artagas's ghost
 40744 | Lair:1   | Killed lolicon's ghost
 40762 | Lair:1   | Identified the ring of the Iron Devil {Ice rPois rN+ Str+3
                  | Int+4} (You found it on level 1 of the Lair of Beasts)
 40990 | D:12     | Noticed a tengu reaver
 40998 | D:12     | Killed a tengu reaver
 40998 | D:12     | Reached XP level 16. HP: 58/134 MP: 25/29
 41679 | D:13     | Noticed a frost giant
 41692 | D:13     | Found a runed door.
 41692 | D:13     | Identified the +1 robe of the Skies Above {Str+3}
 42188 | D:14     | Reached skill level 10 in Spellcasting
 42931 | D:15     | Entered Level 15 of the Dungeon
 43066 | D:15     | Reached skill level 10 in Shields
 43261 | D:14     | Reached skill level 12 in Hexes
 43266 | D:14     | Received a gift from Okawaru
 43377 | D:15     | Received a gift from Okawaru
 43721 | D:15     | Found Emicauh's Serpentskin Sales.
 44066 | D:13     | You are sucked into a shaft!
 44088 | D:13     | Received a gift from Okawaru
 44541 | D:13     | Killed a frost giant
 44541 | D:13     | Received a gift from Okawaru
 44864 | D:13     | Identified the +0 ring mail "Nitorph" {rC+ Int+2} (You
                  | found it on level 13 of the Dungeon)
 44866 | D:13     | Identified the +2 scale mail of Fusukepu {*Slow Int+7
                  | Dex+2} (You found it on level 13 of the Dungeon)
 44913 | D:13     | You are sucked into a shaft!
 45279 | Orc:1    | Entered Level 1 of the Orcish Mines
 45300 | Orc:1    | Noticed Harold
 45570 | Orc:1    | Killed Harold
 45621 | Orc:1    | Received a gift from Okawaru
 45918 | Orc:1    | Found a roughly hewn altar of Beogh.
 46072 | Orc:2    | Entered Level 2 of the Orcish Mines
 46072 | Orc:2    | Found a staircase to the Elven Halls.
 46072 | Orc:2    | Noticed Josephine
 46080 | Orc:2    | Noticed Maurice
 46087 | Orc:2    | Noticed Sonja
 46098 | Orc:1    | Killed Maurice
 46814 | Orc:1    | Received a gift from Okawaru
 47030 | Orc:1    | Killed Josephine
 47030 | Orc:1    | Reached XP level 17. HP: 66/140 MP: 25/31
 47546 | Orc:1    | Killed Sonja
 47737 | Orc:1    | Reached skill level 1 in Air Magic
 47905 | Orc:2    | Learned a level 5 spell: Silence
 47922 | Orc:2    | Found Gedeunu's Jewellery Shop.
 47996 | Orc:2    | Found Ytunnamegi's Antique Armour Shop.
 48045 | Orc:2    | Found Satur's General Store.
 48237 | Orc:2    | Found Gyhyn's Antique Weapon Emporium.
 48293 | Orc:2    | Found a bloodstained altar of Trog.
 48471 | Orc:2    | Bought the amulet "Fuziepn" {Reflect rElec Str+4 Dex+3
                  | SH+4} for 891 gold pieces
 48656 | D:13     | You are sucked into a shaft for 2 floors!
 48885 | D:15     | Found a staircase to the Depths.
 49104 | Elf:1    | Entered Level 1 of the Elven Halls
 49511 | Elf:1    | Reached skill level 5 in Air Magic
 49760 | Elf:1    | Identified the Handbook of the Entourage
 50063 | Elf:1    | Reached skill level 15 in Shields
 50865 | Elf:1    | Received a gift from Okawaru
 51293 | Elf:2    | Received a gift from Okawaru
 51522 | Elf:2    | Found a runed gate.
 51524 | Elf:2    | Found a runed gate.
 51632 | Elf:2    | Noticed Louise
 51665 | Elf:2    | Killed Louise
 51665 | Elf:2    | Received a gift from Okawaru
 51699 | Elf:2    | Identified the +6 hunting sling of Honesty {freeze, MP+9
                  | Int+3} (Okawaru gifted it to you on level 2 of the Elven
                  | Halls)
 51769 | Elf:2    | Reached XP level 18. HP: 121/148 MP: 32/32
 51850 | Elf:2    | Found a runed gate.
 51927 | Elf:2    | Noticed Nikola
 51942 | Elf:2    | Killed Nikola
 51942 | Elf:2    | Reached skill level 15 in Fighting
 52451 | Elf:2    | Received a gift from Okawaru
 53073 | Elf:2    | Reached skill level 13 in Hexes
 53345 | Elf:2    | Received a gift from Okawaru
 53450 | Elf:2    | Noticed Donald
 53468 | Elf:2    | Killed Donald
 53627 | Elf:3    | Entered Level 3 of the Elven Halls
 54117 | Elf:3    | Reached skill level 5 in Dodging
 55123 | Elf:3    | Noticed a deep elf blademaster
 55309 | Elf:3    | Reached XP level 19. HP: 157/157 MP: 29/34
 55376 | Elf:3    | Received a gift from Okawaru
 55410 | Elf:3    | Killed a deep elf blademaster
 55411 | Elf:3    | Received a gift from Okawaru
 55460 | Elf:3    | Reached skill level 14 in Hexes
 55868 | Elf:3    | Received a gift from Okawaru
 55973 | Elf:3    | Received a gift from Okawaru
 55986 | Elf:3    | Identified the +2 buckler of Ucuw {Int-4 Dex+8}
 56374 | Elf:3    | Identified the cursed +2 spear of Courage {drain, +Rage
                  | rN+}
 56390 | Elf:3    | Received a gift from Okawaru
 56777 | Elf:3    | Identified the +2 ring mail of the Modern Dreams {rF+}
 56777 | Elf:3    | Noticed a deep elf blademaster
 56792 | Elf:3    | Killed a deep elf blademaster
 57161 | Elf:3    | Identified the Volume of Dislocated Arcane Weapons
 57196 | Elf:3    | Found the +3 Elemental Staff {rElec rF++ rC++ MR++ AC+5}
 57202 | Elf:3    | Identified Sif Muna's Reference Book on Black Secrets and
                  | the Frostbite
 57208 | Elf:3    | Identified Kuqafum's Incunabulum of the Voyage and Feathers
 57210 | Elf:3    | Identified Esoyt's Tome of Creation and the Oath
 57223 | Elf:3    | Got a translucent steel amulet
 57260 | Elf:3    | Identified the amulet of Keolaemi {Inacc Str+3} (You found
                  | it on level 3 of the Elven Halls)
 57419 | Elf:3    | Got a pitted cloak
 57420 | Elf:3    | Identified the +0 cloak of Reg Ojod {rElec SInv} (You found
                  | it on level 3 of the Elven Halls)
 57442 | Elf:3    | Learned a level 6 spell: Invisibility
 57669 | Orc:2    | Bought polished quicksilver dragon scales for 2015 gold
                  | pieces
 57679 | Orc:2    | Identified the quicksilver dragon scales of Precision
                  | Catastrophes {rPois MR+ Str-2 SInv Stlth+} (You bought it
                  | in a shop on level 2 of the Orcish Mines)
 57884 | Spider:1 | Entered Level 1 of the Spider Nest
 58392 | Spider:1 | Found a transporter.
 58392 | Spider:1 | Noticed Mess's ghost (journeyman MiFi)
 58409 | Spider:1 | Found a transporter.
 58910 | Spider:1 | Reached XP level 20. HP: 166/166 MP: 36/36
 59104 | Spider:2 | Reached skill level 15 in Hexes
 59324 | Spider:2 | Reached skill level 15 in Axes
 59332 | Spider:2 | Received a gift from Okawaru
 59530 | Spider:3 | Found a frozen archway.
 59534 | IceCv    | Entered an ice cave
 60254 | IceCv    | Noticed an Ice Fiend
 60255 | IceCv    | Found the +8 Wrath of Trog {antimagic, *Rage}
 60264 | IceCv    | Killed an Ice Fiend
 60281 | IceCv    | Got an encrusted shortbow
 60899 | Spider:3 | Noticed Arachne
 60921 | Spider:3 | Killed Arachne
 61591 | Spider:4 | Entered Level 4 of the Spider Nest
 62240 | Spider:4 | Received a gift from Okawaru
 62685 | Spider:4 | Received a gift from Okawaru
 63699 | Spider:4 | Reached XP level 21. HP: 174/174 MP: 36/38
 64363 | Spider:4 | Got a gossamer rune of Zot
 64510 | Spider:4 | Reached skill level 16 in Hexes
 64662 | Spider:4 | Received a gift from Okawaru
 64939 | Spider:1 | Killed Mess's ghost
 64987 | Spider:1 | Identified the +2 pair of gloves of Boredom {+Blink +Inv
                  | rElec MP-9} (You found it on level 1 of the Spider Nest)
 64990 | Spider:1 | Identified the +2 cloak of Amelioration {+Fly} (You found
                  | it on level 1 of the Spider Nest)
 65239 | D:13     | Killed Multipenetrator's ghost
 65760 | Shoals:1 | Entered Level 1 of the Shoals
 66100 | Shoals:1 | Learned a level 3 spell: Regeneration
 66119 | Shoals:1 | Learned a level 3 spell: Confuse
 66213 | Shoals:1 | Found Soafabirph's Book Shoppe.
 66266 | Shoals:1 | Learned a level 1 spell: Apportation
 66741 | Shoals:2 | Received a gift from Okawaru
 66831 | Shoals:2 | Reached skill level 1 in Charms
 66831 | Shoals:2 | Reached skill level 1 in Necromancy
 67162 | Shoals:2 | Received a gift from Okawaru
 67270 | Shoals:2 | Found Unuimpofu's Book Shoppe.
 68330 | Shoals:3 | Noticed Ilsuiw
 68367 | Shoals:3 | Killed Ilsuiw
 68592 | Shoals:4 | Entered Level 4 of the Shoals
 68784 | Shoals:4 | Learned a level 8 spell: Discord
 68831 | Shoals:4 | Identified the Volume of Damaging Transmigration
 69281 | Shoals:4 | Reached XP level 22. HP: 107/183 MP: 33/40
 69481 | Shoals:4 | Got a barnacled rune of Zot
 69611 | Shoals:4 | Received a gift from Okawaru
 69848 | Shoals:4 | Gained mutation: You are dopey. (Int -2) [mutagenic glow]
 70847 | D:8      | Lost mutation: You are dopey. (Int -2) [potion of mutation]
 70847 | D:8      | Gained mutation: You have a beak for a mouth. [potion of
                  | mutation]
 70847 | D:8      | Gained mutation: You have large cloven feet. [potion of
                  | mutation]
 70946 | Vaults:1 | Entered Level 1 of the Vaults
 70974 | Vaults:1 | Received a gift from Okawaru
 71308 | Vaults:1 | Reached skill level 17 in Hexes
 71819 | Vaults:1 | Received a gift from Okawaru
 72562 | Vaults:1 | Reached skill level 18 in Hexes
 72766 | Vaults:1 | Found a shadowy altar of Dithmenos.
 73602 | Vaults:2 | Noticed Jory
 73615 | Vaults:2 | Received a gift from Okawaru
 73625 | Vaults:2 | Killed Jory
 73625 | Vaults:2 | Reached skill level 19 in Hexes
 73625 | Vaults:2 | Reached XP level 23. HP: 153/190 MP: 13/41
 73989 | Vaults:2 | Received a gift from Okawaru
 74323 | Vaults:2 | Reached skill level 20 in Hexes
 74665 | Vaults:2 | Received a gift from Okawaru
 75051 | Vaults:3 | Found a staircase to the Crypt.
 75709 | Vaults:3 | Reached skill level 21 in Hexes
 76521 | Vaults:3 | Noticed Saint Roka
 76543 | Vaults:3 | Killed Saint Roka
 77163 | Vaults:4 | Received a gift from Okawaru
 77167 | Vaults:4 | Reached skill level 15 in Spellcasting
 77169 | Vaults:4 | Identified the +8 plate armour "Mohisite" {Int+3} (Okawaru
                  | gifted it to you on level 4 of the Vaults)
 77538 | Vaults:4 | Reached XP level 24. HP: 190/199 MP: 18/42
 78539 | Vaults:4 | Learned a level 5 spell: Borgnjor's Vile Clutch
 78889 | Shoals:2 | Bought a book of the Earth for 715 gold pieces
 78896 | Shoals:2 | Learned a level 6 spell: Statue Form
 79189 | Depths:1 | Entered Level 1 of the Depths
 79200 | Depths:1 | Reached skill level 1 in Earth Magic
 79202 | Depths:1 | Reached skill level 1 in Transmutations
 79397 | Depths:1 | Found Urgholl's Mayhem Merchandise.
 79496 | Depths:1 | Found a white marble altar of Elyvilon.
 79529 | Depths:1 | Received a gift from Okawaru
 79548 | Depths:1 | Found a gateway to Hell.
 79890 | Depths:1 | Reached skill level 5 in Necromancy
 80331 | Depths:2 | Reached skill level 5 in Earth Magic
 80354 | Depths:2 | Received a gift from Okawaru
 80402 | Depths:2 | Noticed a juggernaut
 80416 | Depths:2 | Killed a juggernaut
 80416 | Depths:2 | Reached skill level 5 in Transmutations
 80420 | Depths:2 | Received a gift from Okawaru
 80426 | Depths:2 | Identified the +4 broad axe of Okawaru's Pride {freeze,
                  | rF++ rN+ Dex+5} (Okawaru gifted it to you on level 2 of the
                  | Depths)
 80750 | Depths:2 | Noticed a juggernaut
 80763 | Depths:2 | Killed a juggernaut
 81009 | Depths:2 | Noticed a golden dragon
 81071 | Depths:2 | Killed a golden dragon
 81071 | Depths:2 | Reached XP level 25. HP: 150/206 MP: 14/42
 81356 | Depths:2 | Received a gift from Okawaru
 81953 | Depths:3 | Found a gateway to a ziggurat.
 81996 | Depths:3 | Found a one-way gate leading to the halls of Pandemonium.
 82804 | Depths:3 | Identified the cursed +0 ring mail of Cyis {Regen+ rCorr}
                  | (You found it on level 3 of the Depths)
 83621 | Depths:4 | Found a one-way gate to the infinite horrors of the Abyss.
 83932 | Depths:4 | Received a gift from Okawaru
 83932 | Depths:4 | Reached skill level 10 in Transmutations
 83934 | Depths:4 | Identified the +0 pair of gloves of the Comet {Str+4 Int+4}
                  | (Okawaru gifted it to you on level 4 of the Depths)
 84044 | Depths:5 | Entered Level 5 of the Depths
 84296 | Depths:5 | Reached skill level 10 in Necromancy
 84966 | Depths:5 | Found a gate to the Realm of Zot.
 85046 | Depths:5 | Learned a level 2 spell: Sticks to Snakes
 85988 | D:8      | Learned a level 4 spell: Passage of Golubria
 86148 | Crypt:1  | Entered Level 1 of the Crypt
 86148 | Crypt:1  | Noticed Aizul
 86160 | Crypt:1  | Killed Aizul
 86171 | Crypt:1  | Reached XP level 26. HP: 213/213 MP: 14/42
 86545 | Crypt:1  | Noticed Frederick
 86727 | Crypt:1  | Killed Frederick
 86727 | Crypt:1  | Received a gift from Okawaru
 87129 | Crypt:1  | Found a runed gate.
 87131 | Crypt:1  | Found a runed gate.
 87131 | Crypt:1  | Found a runed gate.
 87134 | Crypt:1  | Noticed Afoutsoc's ghost (veteran GrFi)
 88492 | Crypt:3  | Entered Level 3 of the Crypt
 88797 | Crypt:3  | Received a gift from Okawaru
 89227 | Crypt:3  | Found a staircase to the Tomb.
 89678 | Crypt:3  | Noticed Margery
 89710 | Crypt:3  | Received a gift from Okawaru
 90436 | Crypt:3  | Received a gift from Okawaru
 90457 | Crypt:3  | Found an ancient bone altar of Kikubaaqudgha.
 90499 | Crypt:3  | Noticed an ancient lich
 90514 | Crypt:3  | Killed an ancient lich
 90514 | Crypt:3  | Received a gift from Okawaru
 90541 | Crypt:3  | Received a gift from Okawaru
 90651 | Crypt:3  | Identified Garid's Volume of Vitriolic Benedictions
 91145 | Crypt:3  | Killed Margery
 91371 | Crypt:1  | Killed Afoutsoc's ghost
 91586 | Vaults:5 | Entered Level 5 of the Vaults
 91592 | Vaults:5 | Reached XP level 27. HP: 213/220 MP: 30/43
 91638 | Vaults:5 | Learned a level 2 spell: Sublimation of Blood
 91956 | Vaults:5 | Noticed an ancient lich
 92112 | Vaults:5 | Received a gift from Okawaru
 92120 | Vaults:5 | Received a gift from Okawaru
 92141 | Vaults:5 | Killed an ancient lich
 92374 | Vaults:5 | Reached skill level 15 in Transmutations
 93162 | Vaults:5 | Found Efaa's Distillery.
 93166 | Vaults:5 | Bought a potion of agility for 60 gold pieces
 93166 | Vaults:5 | Bought a potion of brilliance for 60 gold pieces
 93373 | Vaults:5 | Found Ydiyntop's Antique Armour Boutique.
 93428 | Vaults:5 | Found Otont's Food Boutique.
 93428 | Vaults:5 | Found Lad Miyf's Food Emporium.
 93455 | Vaults:5 | Found Xiotor's Food Shoppe.
 93466 | Vaults:5 | Found Votaolucag's Food Shop.
 93483 | Vaults:5 | Found Ziediad's Food Shop.
 93517 | Vaults:5 | Found Cuow's Food Shoppe.
 93517 | Vaults:5 | Found Pop Baip's Distillery.
 93529 | Vaults:5 | Bought a potion of heal wounds for 80 gold pieces
 93529 | Vaults:5 | Bought a potion of agility for 64 gold pieces
 93529 | Vaults:5 | Bought a potion of magic for 128 gold pieces
 93529 | Vaults:5 | Bought a potion of cancellation for 128 gold pieces
 93529 | Vaults:5 | Bought a potion of brilliance for 64 gold pieces
 93529 | Vaults:5 | Bought a potion of heal wounds for 80 gold pieces
 93969 | Vaults:5 | Found Akhusurro's Antique Armour Shoppe.
 94018 | Vaults:5 | Found Juqoclu's Gadget Shop.
 94028 | Vaults:5 | Got a silver rune of Zot
 94057 | Vaults:5 | Identified a scroll of acquirement
 94058 | Vaults:5 | Got a twitching brass amulet
 94059 | Vaults:5 | Identified the amulet "Jobuhosa" {rElec Regen+} (You
                  | acquired it on level 5 of the Vaults)
 94423 | Slime:1  | Entered Level 1 of the Pits of Slime
 94464 | Slime:2  | Reached skill level 15 in Necromancy
 94775 | Slime:5  | Entered Level 5 of the Pits of Slime
 94957 | Slime:5  | Received a gift from Okawaru
 95397 | Slime:5  | Gained mutation: You are frail. (-10% HP) [a shining eye]
 95654 | Slime:5  | Noticed the Royal Jelly
 95777 | Slime:5  | Killed the Royal Jelly
 95958 | Slime:5  | Identified Ukhlajes's Compendium of Supportive Dislocation
 95963 | Slime:5  | Got a slimy rune of Zot
 96027 | Slime:5  | Got a glittering ivory ring
 96061 | Slime:5  | Got a glittering granite ring
 96081 | Slime:5  | Identified the +1 fustibalus of the Three Nights {velocity,
                  | *Drain rPois rC+++ Int-5} (You found it on level 5 of the
                  | Pits of Slime)
 96082 | Slime:5  | Identified the ring of Cubonn {rElec Str+2 Int-4 Dex-4
                  | Stlth+} (You found it on level 5 of the Pits of Slime)
 96083 | Slime:5  | Identified the ring "Fecu Weu" {*Tele rPois MR+ Int+2
                  | Stlth+} (You found it on level 5 of the Pits of Slime)
 96198 | Slime:5  | Identified the +5 plate armour of Gravity {Stlth+} (You
                  | found it on level 5 of the Pits of Slime)
 96370 | D:8      | Lost mutation: You are frail. (-10% HP) [potion of
                  | mutation]
 96370 | D:8      | Lost mutation: You have a beak for a mouth. [potion of
                  | mutation]
 96370 | D:8      | Gained mutation: You have an increased reservoir of magic.
                  | (+10% MP) [potion of mutation]
 96370 | D:8      | Gained mutation: Your spells are a little harder to cast,
                  | but a little more powerful. [potion of mutation]
 96370 | D:8      | Gained mutation: Your muscles are strong. (Str +2) [potion
                  | of mutation]
 96370 | D:8      | Gained mutation: Your muscles are very strong. (Str +4)
                  | [potion of mutation]
 96569 | Hell     | Entered the Vestibule of Hell
 96569 | Hell     | Noticed Geryon
 96694 | Hell     | Killed Geryon
 97017 | Hell     | Noticed Murray
 97176 | Hell     | Cast into level 4 of the Abyss (reaper)
 97524 | Abyss:4  | Gained mutation: Scrolls take you a little longer to read.
                  | [a neqoxec]
 97530 | Abyss:4  | HP: 12/286 [smoke demon/divine providence (12)]
 97530 | Abyss:4  | Killed from afar by a smoke demon

Vault maps used:
D:1:      kilobyte_arrival_exit_the_forest
D:2:      nicolae_dithmenos_shadow_blocks, first_ration
D:3:      chequers_ecumenical_altar_island, uniq_jessica, uniq_sigmund
D:4:      overflow_temple_1_default, minmay_temple_entry_waves,
          minmay_checkerbox, uniq_crazy_yiuf_cottage
D:5:      lemuel_blue_sif_altar
D:6:      gammafunk_ghost_arena, uniq_duvessa
D:7:      kennysheep_mini, chequers_ossuary_entry_cave,
          okawaru_ov_weapons_minmay
D:8:      gammafunk_temple_overflow_statue, erik_lair_island
D:9:      zin_purify, kennysheep_mini_moat, hiddenorc1_lemuel
D:10:     serial_park_tiny_1, uniq_joseph, uniq_nergalle, uniq_erica
D:11:     basic_altar, uniq_urug, uniq_grum
D:12:     minmay_mutant_horseshoe, gauntlet_entry_generic, serial_shops,
          nicolae_shop_trees, nicolae_shop_window_shopping
D:13:     skrybe_vaults_entry_preservation, gammafunk_ghost_hive, serial_glass,
          glass_columns_a, glass_columns_c, glass_columns_b, glass_columns_a,
          glass_columns_a, glass_columns_a, glass_columns_a, glass_columns_b,
          glass_columns_b, glass_columns_a, glass_columns_c, glass_columns_c,
          glass_columns_b, glass_columns_b, item_on_display_a,
          item_on_display_a, item_on_display_b, david_nohive_1,
          minmay_st_funbox, hangedman_aviary
D:14:     minmay_fountain_box, minmay_nine_imps
D:15:     grunt_enter_depths_magical_seal, chequers_serial_rivers_micro_d,
          drop_trap, guppyfry_shop_venom
Temple:   nicolae_temple_great_sept
Lair:1:   gammafunk_ghost_cemetery, basic_altar, serial_bayou_lagoon_a,
          uniq_gastronok
Lair:2:   minmay_shoals_entry_hut, forest_entry_grove, infiniplex_staircase_pool
Lair:3:   spider_nest_entry_a, grunt_megastairs_2
Lair:4:   kb_forest_paths, enter_volcano_2
Lair:5:   slime_altar_1, beast_lair_carwin_2, lemuel_fruit_fields
Lair:6:   grunt_lair_end_beastmaster
Shoals:1: serial_shops, shop, nicolae_shoals_circle_sea_wall,
          nicolae_shoals_seven_spires
Shoals:2: serial_shops, nicolae_shop_trees
Shoals:3: uniq_ilsuiw
Shoals:4: shoals_end_grunt_ice
Spider:1: gammafunk_ghost_berserking_beasts, spiders_nest_spider_trap
Spider:3: portal_ice_cave_entry_pillars_four, nicolae_spider_cling_halls,
          uniq_arachne
Spider:4: johnstein_spider_rune_arachne_lair, nicolae_arachne_temple
Orc:1:    basic_altar, uniq_harold
Orc:2:    grunt_orc_gardens, grunt_orc_garden, grunt_orc_garden,
          grunt_orc_garden, grunt_orc_garden, bloody_trog, uniq_sonja,
          uniq_josephine, uniq_maurice
Elf:1:    eino_elf_arrival_customs, minmay_elf_crystal_hexagon,
          minmay_elf_demonology
Elf:2:    minivault_4, uniq_louise, uniq_nikola, uniq_donald
Elf:3:    minmay_elf_hall_hex
Vaults:1: ontoclasm_vaults_chip, grunt_vaults_swirl, hangedman_vaults_hat,
          v_misc_3, v_misc_15, vaults_mumra_hexcomb,
          vaults_mumra_minichess_inversion, nicolae_vaults_statue_guard,
          v_misc_8, nicolae_vaults_little_squares_3, basic_altar
Vaults:2: hangedman_vaults_impose, v_misc_30, v_misc_11, v_misc_2,
          nicolae_vaults_triangles, ontoclasm_vaults_ring_large,
          nicolae_vaults_ring_of_whatevers, v_rooms_4,
          nicolae_vaults_little_squares_1,
          nicolae_vaults_windows_and_doors_thing, vaults_dpeg_ring, uniq_jory
Vaults:3: v_misc_4, nicolae_vaults_know_your_exits, hangedman_vaults_pinch,
          ontoclasm_vaults_pinch, minmay_crypt_entry_simple_sparse,
          nicolae_vaults_what_the_h, vaults_mumra_lcd,
          grunt_vaults_hallway_long, ontoclasm_vaults_twist,
          hangedman_vaults_restitches, hangedman_vaults_slice,
          nicolae_vaults_big_ls, vaults_room_large_hall,
          ontoclasm_vaults_hangar, uniq_saint_roka
Vaults:4: vaults_mumra_hex, v_misc_29, nicolae_vaults_network_barrier,
          grunt_vaults_hallway_short, ontoclasm_vaults_decontamination,
          hangedman_vaults_corner_blocks, nicolae_vaults_ring_of_whatevers,
          vaults_room_door_ring, v_misc_33, nicolae_vaults_mini_display_case,
          hangedman_vaults_maws
Vaults:5: serial_shops
Crypt:1:  ebering_ghost_rock_garden, uniq_frederick, uniq_aizul
Crypt:3:  quadcrypt_mu, uniq_margery
Depths:1: lightli_too_deep, kennysheep_flooded_box, minmay_shop_mayhem,
          minmay_microvault
Depths:2: kennysheep_large_vault, chequers_serial_rivers_room_a,
          grunt_hell_entry_dis_mu, minmay_misc_feat_diagonals
Depths:3: hangedman_cross_stitches, enter_ziggurat_e, hell_entry, pan_entry,
          minmay_misc_feat_alley, serial_bayou_shore_a
Depths:4: kennysheep_room_grid, abyss_entry_small_statue_room,
          minmay_misc_feat_ornament, hell_entry
Depths:5: evilmike_zot_entry_gauntlet, minmay_misc_feat_nine_boxes,
          hangedman_coc_ice_floe, rand_demon_pan_entry_3, minmay_misc_feat_chi
Abyss:4:  hangedman_abyss_or_decor_clamps, minivault_20,
          hangedman_abyss_shoalhut
Ossuary:  ossuary_minmay_chase
IceCv:    ice_cave_tombish
Volcano:  volcano_lake

Skill      XL: |  1  2  3  4  5  6  7  8  9 10 11 12 13 14 15 16 17 18 19 20 21 22 23 24 25 26 27 |
---------------+----------------------------------------------------------------------------------+-----
Slings         | 3 4 5 7 8 10 11 12 13 14 | 14.0
Hexes          | 4 5 6 7 8 9 10 11 12 13 14 15 16 19 21 | 21.2
Spellcasting   | 2 3 4 6 7 8 9 10 11 12 13 14 15 16 17 | 17.3
Fighting       | 3 5 7 10 13 14 15 16 17 18 | 18.8
Armour         | 3 5 6 7 |  7.0
Invocations    | 1 3 6 7 |  7.0
Shields        | 2 7 13 15 | 15.0
Translocations | 2 3 |  3.0
Axes           | 5 9 11 12 13 14 15 16 17 | 17.2
Air Magic      | 6 |  6.0
Dodging        | 3 5 |  5.0
Charms         | 3 |  3.0
Necromancy     | 3 6 10 13 16 | 16.4
Earth Magic    | 7 8 |  8.0
Transmutations | 6 11 13 17 | 17.4

Action                   |  1- 3 |  4- 6 |  7- 9 | 10-12 | 13-15 | 16-18 | 19-21 | 22-24 | 25-27 || total
-------------------------+-------+-------+-------+-------+-------+-------+-------+-------+-------++-------
Melee: Short sword       |       |       |    12 |       |       |       |       |       |       ||    12
       Broad axe         |       |       |       |       |   255 |   809 |   441 |   402 |   760 ||  2667
       Battleaxe         |       |       |       |       |       |       |   474 |   466 |   306 ||  1246
       Peck              |       |       |       |       |       |       |       |   209 |   276 ||   485
       Kick              |       |       |       |       |       |       |       |       |    38 ||    38
 Fire: Hunting sling     |    83 |   128 |   746 |  1255 |  2049 |   852 |     5 |       |       ||  5118
       Fustibalus        |       |       |       |       |       |       |  1263 |  1126 |  1193 ||  3582
 Cast: Corona            |    29 |    33 |    86 |    76 |   148 |    26 |       |       |       ||   398
       Slow              |     1 |    16 |    57 |   128 |   174 |    36 |       |       |       ||   412
       Cause Fear        |       |       |       |    30 |    30 |    30 |     1 |     1 |       ||    92
       Portal Projectile |       |       |       |     4 |    27 |    60 |    28 |    57 |    65 ||   241
       Silence           |       |       |       |       |       |    13 |    15 |     8 |     6 ||    42
       Invisibility      |       |       |       |       |       |       |    27 |     5 |       ||    32
       Confuse           |       |       |       |       |       |       |    12 |    32 |    11 ||    55
       Regeneration      |       |       |       |       |       |       |     4 |    17 |   102 ||   123
       Apportation       |       |       |       |       |       |       |     1 |       |    26 ||    27
       Discord           |       |       |       |       |       |       |       |    18 |    42 ||    60
       Borgnjor's Vile C |       |       |       |       |       |       |       |       |    67 ||    67
       Sticks to Snakes  |       |       |       |       |       |       |       |       |    49 ||    49
       Statue Form       |       |       |       |       |       |       |       |       |     6 ||     6
       Sublimation of Bl |       |       |       |       |       |       |       |       |    45 ||    45
Invok: Heroism           |       |       |     2 |    15 |    19 |    21 |    17 |    16 |    36 ||   126
       Finesse           |       |       |       |       |       |     1 |     7 |     1 |     7 ||    16
 Abil: Dig               |       |       |     1 |     7 |     9 |    13 |     1 |     1 |     4 ||    36
       Shaft Self        |       |       |       |       |       |     3 |       |       |       ||     3
  Use: Scroll            |     5 |     3 |     3 |    16 |     5 |     4 |    16 |     4 |    17 ||    73
       Potion            |       |       |     1 |     5 |     1 |     2 |     5 |     1 |    27 ||    42
 Stab: Fleeing           |       |       |       |       |       |     1 |       |       |       ||     1
       Distracted        |       |       |       |       |       |     1 |       |     2 |     6 ||     9
       Invisible         |       |       |       |       |       |       |   114 |    11 |       ||   125
       Sleeping          |       |       |       |       |       |       |     6 |       |       ||     6
       Held in net/web   |       |       |       |       |       |       |     1 |       |       ||     1
       Confused          |       |       |       |       |       |       |       |     9 |     3 ||    12
  Eat: Chunk             |     4 |     4 |    16 |    25 |    40 |    40 |    31 |    41 |    29 ||   230
       Ration            |       |     1 |     2 |     7 |     5 |     3 |     6 |     2 |    15 ||    41
Armor: Robe              |     7 |       |       |       |       |       |       |       |       ||     7
       Ring mail         |       |     6 |    88 |   154 |   163 |   124 |    12 |       |       ||   547
       Quicksilver drago |       |       |       |       |       |       |   217 |   105 |   212 ||   534
       Skin              |       |       |       |       |       |       |       |       |    83 ||    83
Dodge: Dodged            |    35 |    21 |   174 |   327 |   314 |   161 |   351 |   193 |   348 ||  1924
Block: Buckler           |       |       |       |   100 |   137 |       |       |       |       ||   237
       Large shield      |       |       |       |       |    43 |   722 |  1296 |   981 |  1370 ||  4412
       Reflection        |       |       |       |       |       |    31 |    81 |   133 |    50 ||   295

Table legend:
 A = Non-vault XP
 B = Vault XP
 C = Vault XP percentage of total XP
 D = Non-vault monster count
 E = Vault monster count
 F = Vault count percentage of total count
                 A         B        C        D         E       F
            +---------+---------+-------+---------+---------+-------
      Total |  604221 |  671864 |  52.7 |    1564 |     959 |  38.0
            +---------+---------+-------+---------+---------+-------
        D:1 |      33 |       0 |   0.0 |      18 |       0 |   0.0
        D:2 |     145 |       0 |   0.0 |      25 |       0 |   0.0
        D:3 |      82 |     257 |  75.8 |      18 |       2 |  10.0
        D:4 |     180 |     191 |  51.5 |       8 |       4 |  33.3
        D:5 |     807 |       0 |   0.0 |      22 |       0 |   0.0
        D:6 |     919 |    1079 |  54.0 |      30 |       5 |  14.3
        D:7 |     512 |       0 |   0.0 |      14 |       0 |   0.0
        D:8 |    2699 |     767 |  22.1 |      38 |       8 |  17.4
        D:9 |    1861 |     299 |  13.8 |      21 |      17 |  44.7
       D:10 |    5863 |    2606 |  30.8 |      50 |       7 |  12.3
       D:11 |    1991 |    1039 |  34.3 |      19 |       2 |   9.5
       D:12 |    8452 |    6917 |  45.0 |      38 |       9 |  19.1
       D:13 |    6745 |   18415 |  73.2 |      39 |      49 |  55.7
       D:14 |   12362 |     368 |   2.9 |      56 |       9 |  13.8
       D:15 |    4349 |    6214 |  58.8 |      19 |      13 |  40.6
     Lair:1 |    3660 |    3858 |  51.3 |      16 |       3 |  15.8
     Lair:2 |    6251 |    1449 |  18.8 |      24 |       8 |  25.0
     Lair:3 |    4405 |     759 |  14.7 |      22 |       4 |  15.4
     Lair:4 |    6268 |    7984 |  56.0 |      23 |      25 |  52.1
     Lair:5 |    4359 |    2115 |  32.7 |      17 |       3 |  15.0
     Lair:6 |   10272 |    9461 |  47.9 |      32 |      19 |  37.3
   Shoals:1 |    3989 |       0 |   0.0 |       8 |       0 |   0.0
   Shoals:2 |   22764 |       0 |   0.0 |      42 |       0 |   0.0
   Shoals:3 |    9129 |    5162 |  36.1 |      20 |       6 |  23.1
   Shoals:4 |   12898 |   25413 |  66.3 |      31 |      41 |  56.9
   Spider:1 |   18319 |    9566 |  34.3 |      57 |      20 |  26.0
   Spider:2 |    5918 |       0 |   0.0 |      17 |       0 |   0.0
   Spider:3 |   22388 |    4213 |  15.8 |      64 |       3 |   4.5
   Spider:4 |   12149 |   36279 |  74.9 |      29 |      77 |  72.6
    Slime:1 |    1079 |       0 |   0.0 |       1 |       0 |   0.0
    Slime:2 |    5373 |       0 |   0.0 |       6 |       0 |   0.0
    Slime:3 |     118 |       0 |   0.0 |       1 |       0 |   0.0
    Slime:4 |    3005 |     278 |   8.5 |       9 |       1 |  10.0
    Slime:5 |   15805 |   27858 |  63.8 |      28 |      10 |  26.3
      Orc:1 |    3950 |    7820 |  66.4 |      27 |      25 |  48.1
      Orc:2 |     341 |    5334 |  94.0 |       9 |      10 |  52.6
      Elf:1 |    9411 |   14105 |  60.0 |      15 |      23 |  60.5
      Elf:2 |   16817 |   29460 |  63.7 |      27 |      31 |  53.4
      Elf:3 |   19852 |   62493 |  75.9 |      30 |      42 |  58.3
   Vaults:1 |   28904 |   22094 |  43.3 |      45 |      35 |  43.8
   Vaults:2 |   41696 |   16136 |  27.9 |      91 |      26 |  22.2
   Vaults:3 |   30532 |   23642 |  43.6 |      41 |      38 |  48.1
   Vaults:4 |   27401 |   13421 |  32.9 |      38 |      23 |  37.7
   Vaults:5 |   12357 |  104902 |  89.5 |      34 |      93 |  73.2
    Crypt:1 |   19830 |   12811 |  39.2 |      35 |       3 |   7.9
    Crypt:2 |   23862 |       0 |   0.0 |      32 |       0 |   0.0
    Crypt:3 |       0 |   67545 | 100.0 |       0 |      88 | 100.0
   Depths:1 |   43780 |    5210 |  10.6 |      91 |       9 |   9.0
   Depths:2 |   21866 |   50815 |  69.9 |      20 |      46 |  69.7
   Depths:3 |   22035 |    8012 |  26.7 |      35 |      11 |  23.9
   Depths:4 |   14595 |   12545 |  46.2 |      22 |      11 |  33.3
   Depths:5 |   19249 |   19676 |  50.5 |      22 |      26 |  54.2
       Hell |    7286 |    5814 |  44.4 |      22 |       8 |  26.7
    Abyss:4 |   25308 |    2805 |  10.0 |      66 |       4 |   5.7
    Ossuary |       0 |     116 | 100.0 |       0 |      21 | 100.0
      IceCv |       0 |    9935 | 100.0 |       0 |      24 | 100.0
    Volcano |       0 |    4626 | 100.0 |       0 |      17 | 100.0
            +---------+---------+-------+---------+---------+-------
